 Dungeon Crawl Stone Soup version 0.26.0-20-g3ca415f5b8 (webtiles) character file.

Game seed: 4391129891668150364

9923 Descartes the Gouger (level 11, -6/55 HPs)
             Began as a Felid Monk on Jan 24, 2021.
             Was the Champion of Jiyva.
             Killed from afar by a guardian serpent (15 damage)
             ... with a bolt of poison
             ... on level 12 of the Dungeon.
             The game lasted 00:33:24 (18484 turns).

Descartes the Gouger (Felid Monk)                  Turns: 18484, Time: 00:33:24

Health: -6/55      AC:  5    Str:  9    XL:     11   Next: 29%
Magic:  21/21      EV: 31    Int:  8    God:    Jiyva [******]
Gold:   393        SH:  0    Dex: 24    Spells: 10/10 levels left
                                        Lives:  0   Deaths: 3

rFire    . . .     SeeInvis +     - Unarmed
rCold    . . .     Faith    .   (shield unavailable)
rNeg     . . .     Spirit   .   (armour unavailable)
rPois    .         Reflect  .   (helmet unavailable)
rElec    .         Harm     .   (cloak unavailable)
rCorr    +         Rampage  .   (gloves unavailable)
Will     +....                  (boots unavailable)
Stlth    ++++++....             (no amulet)
HPRegen  0.18/turn              g - ring of magical power
MPRegen  0.17/turn              (no ring)

@: lethally poisoned (-6 -> -14), slowed, slow
A: very small, no armour, no weapons or thrown items, stealth, antennae 1, claws
1, fangs 3, icy blue scales 2, see invisible, speed 1, shaggy fur 2, acidic
bite, jelly absorbing missiles, sharp paws
a: Renounce Religion, Request Jelly, Slimify, Cure Bad Mutation


You were on level 12 of the Dungeon.
You worshipped Jiyva.
Jiyva was exalted by your worship.
You visited 4 branches of the dungeon, and saw 15 of its levels.
You also visited: Sewer and Ossuary.

You collected 393 gold pieces.

Inventory:

Missiles
 c - 164 stones
 o - 123 arrows
Jewellery
 b - an uncursed ring of poison resistance
 g - a ring of magical power (left paw)
 p - an uncursed ring of ice
Wands
 m - a wand of iceblast (15)
 s - a wand of polymorph (8)
 w - a wand of acid (9)
 y - a wand of flame (6)
Scrolls
 a - 2 scrolls of magic mapping
 k - 2 scrolls of remove curse
 l - 3 scrolls of teleportation
 n - a scroll of enchant armour {unknown}
 r - 2 scrolls of amnesia {unknown}
 t - a scroll of noise
 v - 2 scrolls of enchant weapon {unknown}
 x - 2 scrolls of immolation
 B - a scroll of holy word {unknown}
Potions
 d - 4 potions of curing
 e - a potion of attraction
 f - a potion of lignification
 h - 2 potions of brilliance
 i - 3 potions of resistance
 j - 3 potions of flight
 q - 2 potions of haste {unknown}
 u - 2 potions of berserk rage {unknown}
 z - 2 potions of heal wounds
 A - a potion of invisibility {unknown}


   Skills:
 + Level 11.1 Fighting
 + Level 11.4 Dodging
 + Level 11.7 Stealth
 * Level 12.0 Unarmed Combat


You had 10 spell levels left.
You didn't know any spells.
Your spell library was empty.

Dungeon Overview and Level Annotations

Branches:
Dungeon (12/15)            Temple (1/1) D:4            Lair (1/6) D:11
    Orc (1/2) D:11          Sewer (visited)         Ossuary (visited)

Altars:
Ashenzari
Cheibriados
Dithmenos
Elyvilon
Fedhas
Gozag
Hepliaklqana
Kikubaaqudgha
Makhleb
Nemelex Xobeh
Okawaru
Qazlal
Ru
Sif Muna
Trog
Uskayaw
Vehumet
Wu Jian
Xom
Yredelemnul
Zin
The Shining One
Jiyva

Shops:
D:4 *}   D:12 (


Innate Abilities, Weirdness & Mutations

You cannot wear armour.
You are incapable of wielding weapons or throwing items.
Your paws allow you to move quietly. (Stealth)
You have sharp claws.
You have razor-sharp teeth.
You have supernaturally acute eyesight. (SInv)
You cover ground quickly.
You are covered in thick fur. (AC +2)
Your sharp claws are effective at attacking unaware monsters.
You have a pair of small antennae on your head.
You are mostly covered in icy blue scales. (AC +3)
You have acidic saliva.
You have a small jelly attached to you that may absorb incoming projectiles.


Message History

You shudder from the blow and a jelly pops out!
The white ugly thing completely misses you.
The guardian serpent misses you. The white ugly thing barely misses you.
Unknown command.
You scratch the white ugly thing but do no damage.
The white ugly thing is heavily wounded.
The guardian serpent closely misses you.
The white ugly thing completely misses you.
You claw the white ugly thing!
The white ugly thing is severely wounded.
The guardian serpent completely misses you. x2
The white ugly thing trunk-slaps you. The white ugly thing freezes you!!
* * * LOW HITPOINT WARNING * * *
You shudder from the blow and a jelly pops out!
You scratch the white ugly thing but do no damage.
The white ugly thing is heavily wounded.
The guardian serpent casts a spell at you.
The bolt of poison hits you!
You are poisoned.
You die...

...# #.#
###.........
#..# #.#
##.....## ##..#
#.# ##.##### #.#
#.# #..# ..# #..
##..# .... ...
#..## .## ...
##..# .....#...#
.. ........@u#
..
........JS......
..
.......J........
....#
.....>..........
......
...........J....
.......
.......######...
....... .......
()#..# ......
...... ?!+ .#
.....


You could see a white ugly thing, a guardian serpent, a neutral jelly
(wandering) (fellow slime), a friendly azure jelly (summoned) and a friendly
death ooze (summoned).

Vanquished Creatures
  4 two-headed ogres
  3 unseen horrors
  Pikel (D:9)
  An ugly thing (D:10)
  Psyche (D:9)
  A gargoyle (D:10)
  3 trolls
  A hornet (D:9)
  2 wraiths (Ossuary)
  2 wyverns (D:11)
  13 yaks
  Grum (D:9)
  An acid dragon (D:12)
  A water moccasin (D:6)
  An orc warrior (D:10)
  3 black bears
  2 sky beasts (D:12)
  A phantom (D:5)
  4 ogres
  2 centaurs
  2 wolves (D:9)
  4 lemures
  8 bullfrogs
  A wyvern skeleton (D:8)
  A scorpion (D:7)
  8 killer bees
  5 wights
  4 howler monkeys
  3 electric eels (D:11)
  A quasit (D:10)
  A bullfrog zombie (D:11)
  8 hounds
  6 orc priests
  10 orc wizards
  2 centaur skeletons
  2 iguanas
  6 worker ants
  A worker ant zombie (D:9)
  9 adders
  A howler monkey skeleton (D:4)
  2 shadow imps
  6 white imps
  An ufetubus (D:8)
  An ooze (D:2)
  3 adder zombies (Ossuary)
  2 adder skeletons
  3 dart slugs
  3 worms
  5 leopard geckos
  51 orcs
  4 ball pythons
  3 giant cockroaches
  5 goblins
  4 hobgoblins
  15 jackals
  5 quokkas
  3 ball python skeletons (Ossuary)
  18 bats
  12 frilled lizards
  A hobgoblin skeleton (Ossuary)
  A hobgoblin zombie (Ossuary)
  14 kobolds
  A kobold zombie (Ossuary)
  2 leopard gecko skeletons
  An orc zombie (Ossuary)
  6 rats
303 creatures vanquished.

Vanquished Creatures (collateral kills)
  2 hydras
  Harold (D:9)
  A two-headed ogre (D:11)
  A manticore (D:10)
  A hornet (D:10)
  4 yaks
  2 orc warriors
  An electric eel (D:11)
  An orc priest (D:9)
  2 orc wizards (D:12)
  A worker ant (D:9)
  4 orcs
21 creatures vanquished.

Vanquished Creatures (others)
  A yak (D:9)
  Edmund (D:5)
  A water moccasin (Sewer)
  An ice beast (D:5)
  A black bear (D:10)
  An orc warrior (D:6)
  2 wolves (D:9)
  2 bullfrogs
  A scorpion (D:8)
  4 killer bees
  An electric eel (D:11)
  34 jellies
  A bullfrog zombie (D:6)
  2 orc priests
  4 orc wizards
  3 worker ants
  An ooze (D:6)
  3 gnolls (D:10)
  A white imp (D:8)
  20 orcs
  A giant cockroach (D:6)
  2 jackals (D:1)
  4 withered plants (D:9)
92 creatures vanquished.

Grand Total: 416 creatures vanquished

Notes
Turn   | Place    | Note
-------+----------+-------------------------------------------
     0 | D:1      | Descartes the Felid Monk began the quest for the Orb.
     0 | D:1      | Reached XP level 1. HP: 10/10 MP: 2/2
   196 | D:1      | Reached XP level 2. HP: 12/14 MP: 3/3
  1074 | D:1      | Reached skill level 5 in Stealth
  1076 | D:1      | Reached XP level 3. HP: 13/17 MP: 4/4
  1917 | D:2      | Found an iron altar of Okawaru.
  2042 | D:2      | Reached XP level 4. HP: 8/21 MP: 5/5
  2514 | D:2      | Found an ornate altar of the Wu Jian Council.
  2527 | D:2      | Noticed a spectral centipede
  2527 | D:2      | Noticed a spectral black mamba
  2527 | D:2      | Noticed a spectral cane toad
  2647 | D:2      | Found a blossoming altar of Fedhas.
  2868 | D:3      | Found a glowing golden altar of the Shining One.
  3086 | D:2      | Gained mutation: Your mind is acute. (Int +2) [potion of
                  | mutation]
  3086 | D:2      | Gained mutation: You are partially covered in icy blue
                  | scales. (AC +2) [potion of mutation]
  3134 | D:3      | Reached XP level 5. HP: 24/24 MP: 6/6
  3504 | D:3      | Reached skill level 5 in Dodging
  3954 | D:3      | Gained mutation: You are covered in thick fur. (AC +2)
                  | [Felid growth]
  3954 | D:3      | Reached XP level 6. HP: 27/28 MP: 7/7
  3988 | D:4      | Found Tusaehun's Lightly-Used Armoury.
  4067 | D:4      | Found a broken altar of Ashenzari.
  4416 | D:4      | Found Xufox's Gadget Emporium.
  4434 | D:4      | Found a burning altar of Makhleb.
  4669 | D:4      | Found a staircase to the Ecumenical Temple.
  4677 | Temple   | Entered the Ecumenical Temple
  4691 | Temple   | Became a worshipper of Jiyva Jaewe the Shapeless
  4691 | Temple   | Reached * piety under Jiyva
  4691 | Temple   | Reached ** piety under Jiyva
  4907 | D:4      | Reached XP level 7. HP: 22/31 MP: 8/8
  5027 | D:4      | Found a glowing silver altar of Zin.
  6196 | D:2      | Found an ornate altar of the Wu Jian Council.
  6296 | D:2      | Found an iron altar of Okawaru.
  6330 | D:2      | Found a blossoming altar of Fedhas.
  7134 | D:3      | Found a glowing golden altar of the Shining One.
  7340 | D:4      | Found a broken altar of Ashenzari.
  7482 | D:4      | Found Xufox's Gadget Emporium.
  7521 | D:4      | Found a burning altar of Makhleb.
  7622 | D:4      | Found a staircase to the Ecumenical Temple.
  7663 | D:4      | Found a glowing silver altar of Zin.
  7667 | D:4      | Found Tusaehun's Lightly-Used Armoury.
  7936 | D:5      | Entered Level 5 of the Dungeon
  7938 | D:5      | Found a sand-covered staircase.
  7943 | Ossuary  | Entered an ossuary
  8034 | Ossuary  | Noticed a flying skull
  8034 | Ossuary  | Noticed a wraith
  8041 | Ossuary  | Noticed a flying skull
  8057 | Ossuary  | Noticed a flying skull
  8086 | Ossuary  | Noticed a flying skull
  8111 | Ossuary  | Noticed a wraith
  8112 | Ossuary  | Killed a wraith
  8118 | Ossuary  | Noticed a flying skull
  8123 | Ossuary  | Noticed a wraith
  8126 | Ossuary  | Killed a wraith
  8236 | D:5      | Found a glowing drain.
  8246 | Sewer    | Entered a sewer
  8268 | Sewer    | Reached XP level 8. HP: 16/36 MP: 9/9
  8431 | Sewer    | Reached *** piety under Jiyva
  8514 | D:5      | Reached skill level 4 in Unarmed Combat
  8892 | D:5      | Reached skill level 10 in Stealth
  8933 | D:5      | Found a bloodstained altar of Trog.
  8939 | D:5      | Found a shimmering blue altar of Sif Muna.
  9008 | D:5      | Found a shimmering altar of Xom.
  9143 | D:5      | Killed Edmund
  9602 | D:6      | Killed from afar by an orc priest
  9603 | D:6      | Reached XP level 7. HP: -4/33 MP: 8/8
  9882 | D:6      | Reached **** piety under Jiyva
  9961 | D:6      | Gained mutation: You are agile. (Dex +2) [Jiyva's grace]
 10140 | D:6      | Reached ***** piety under Jiyva
 10592 | D:6      | Gained mutation: You are mostly covered in icy blue scales.
                  | (AC +3) [Jiyva's grace]
 10604 | D:6      | Reached skill level 5 in Fighting
 10604 | D:6      | Reached skill level 5 in Unarmed Combat
 10840 | D:7      | Reached XP level 8. HP: 35/37 MP: 9/9
 11287 | D:7      | Found a sparkling altar of Nemelex Xobeh.
 11516 | D:7      | Lost mutation: You are agile. (Dex +2) [Jiyva's grace]
 11572 | D:8      | Found an ancient bone altar of Kikubaaqudgha.
 11754 | D:8      | Noticed a two-headed ogre
 11764 | D:8      | Killed a two-headed ogre
 11765 | D:8      | Reached skill level 10 in Dodging
 11765 | D:8      | Reached skill level 6 in Unarmed Combat
 11765 | D:8      | Reached XP level 9. HP: 15/42 MP: 10/10
 11806 | D:8      | Found a shadowy altar of Dithmenos.
 11819 | D:8      | Reached skill level 7 in Unarmed Combat
 11972 | D:8      | Gained mutation: You have a small jelly attached to you
                  | that may absorb incoming projectiles. [Jiyva's grace]
 11984 | D:8      | Reached ****** piety under Jiyva
 12479 | D:9      | Noticed Psyche
 12482 | D:9      | Killed Psyche
 12655 | D:9      | Reached skill level 8 in Unarmed Combat
 12709 | D:9      | Noticed an unseen horror
 12710 | D:9      | Lost mutation: Your mind is acute. (Int +2) [Jiyva's grace]
 12764 | D:9      | Killed an unseen horror
 12830 | D:9      | Gained mutation: You have a pair of small antennae on your
                  | head. [Jiyva's grace]
 12866 | D:9      | Noticed Grum
 12884 | D:9      | Killed Grum
 12885 | D:9      | Reached XP level 10. HP: 22/49 MP: 11/11
 12893 | D:9      | Slain by a wolf
 12894 | D:9      | Reached XP level 9. HP: -5/45 MP: 19/19
 12906 | D:9      | Noticed Harold
 12920 | D:9      | Killed Harold
 12921 | D:9      | Reached skill level 9 in Unarmed Combat
 13003 | D:9      | Noticed Pikel
 13022 | D:9      | Noticed a troll
 13485 | D:9      | Reached XP level 10. HP: 46/50 MP: 11/11
 13494 | D:9      | Killed Pikel
 13495 | D:9      | Reached skill level 10 in Unarmed Combat
 13515 | D:9      | Gained mutation: Your system is resistant to poisons.
                  | (rPois) [Jiyva's grace]
 13552 | D:9      | Reached skill level 10 in Fighting
 13581 | D:9      | Noticed a two-headed ogre
 13586 | D:9      | Killed a two-headed ogre
 13593 | D:9      | Found a basalt altar of Yredelemnul.
 13633 | D:9      | Lost mutation: Your system is resistant to poisons. (rPois)
                  | [Jiyva's grace]
 13830 | D:10     | Entered Level 10 of the Dungeon
 13830 | D:10     | Noticed a two-headed ogre
 13836 | D:10     | Killed a two-headed ogre
 14012 | D:10     | Noticed an unseen horror
 14019 | D:10     | Killed an unseen horror
 14029 | D:10     | Noticed a manticore
 14040 | D:10     | Succumbed to barbed spike wounds
 14041 | D:10     | Reached XP level 9. HP: 0/47 MP: 19/19
 14323 | D:10     | Paralysed by a hornet for 1 turns
 14486 | D:10     | Gained mutation: You expend magic power (3 MP) to
                  | strengthen your wands. [Jiyva's grace]
 14538 | D:10     | Noticed a gargoyle
 14598 | D:10     | Killed a gargoyle
 14599 | D:10     | Reached XP level 10. HP: 41/51 MP: 11/11
 14620 | D:10     | Lost mutation: You expend magic power (3 MP) to strengthen
                  | your wands. [Jiyva's grace]
 14640 | D:10     | Reached skill level 11 in Unarmed Combat
 14886 | D:11     | Noticed a brown ugly thing
 15110 | D:10     | Gained mutation: You are weak. (Str -2) [Jiyva's grace]
 15151 | D:10     | Killed a manticore
 15376 | D:10     | Killed a brown ugly thing
 16054 | D:11     | Lost mutation: You are weak. (Str -2) [Jiyva's grace]
 16227 | D:11     | Noticed a two-headed ogre
 16234 | D:11     | Killed a two-headed ogre
 16301 | D:11     | Found a staircase to the Orcish Mines.
 16419 | D:11     | Noticed an eight-headed hydra
 16432 | D:11     | Killed an eight-headed hydra
 16822 | D:11     | Reached XP level 11. HP: 55/55 MP: 12/12
 17070 | D:11     | Found a staircase to the Lair.
 17120 | Lair:1   | Entered Level 1 of the Lair of Beasts
 17120 | Lair:1   | Noticed a seven-headed hydra
 17125 | Lair:1   | Killed a seven-headed hydra
 17364 | Orc:1    | Entered Level 1 of the Orcish Mines
 17364 | Orc:1    | Noticed an orc knight
 17364 | Orc:1    | Noticed an orc sorcerer
 17368 | Orc:1    | Noticed an orc sorcerer
 17538 | D:12     | Found a bloodstained altar of Trog.
 17546 | D:12     | Gained mutation: You have acidic saliva. [Jiyva's grace]
 17575 | D:12     | Found Jaerpheler's Antique Weapon Shoppe.
 17612 | D:12     | Noticed a two-headed ogre
 17619 | D:12     | Killed a two-headed ogre
 17989 | D:12     | Reached skill level 12 in Unarmed Combat
 18350 | D:12     | Noticed an unseen horror
 18363 | D:12     | Killed an unseen horror
 18469 | D:12     | Noticed a white ugly thing
 18484 | D:12     | Killed from afar by a guardian serpent

Illustrated notes

Levels and vault maps discovered:
D:1:      nicolae_arrival_memento_mori, layout_basic, st_stairs_5
D:2:      layout_loops_ring, okawaru_gym_becter,
          pdpol_wu_jian_five_deadly_venoms, nicolae_overflow_hidden_temple
D:3:      layout_loops_ring, old_standard_altar
D:4:      layout_basic, makhleb_blood_cavern_becter,
          cheibrodos_ashenzari_chains, zin_statuary,
          minmay_temple_entry_mini_moons, serial_shops, nicolae_shop_stone,
          minmay_shop_damaged
D:5:      layout_loops_ring, kennysheep_little_box,
          gammafunk_temple_overflow_wave, cheibrodos_sewer_entry_sluice,
          nicolae_ossuary_entry_ruins, uniq_edmund
D:6:      layout_loops_corners, minmay_increasing_density
D:7:      layout_loops_cross, nemelex_xobeh_ov_fountains_minmay
D:8:      layout_gridville, kiku_gazebo_pond_becter, grunt_dithmenos_smoke
D:9:      layout_long_grid, yredelemnul_altar_generic, uniq_psyche, uniq_harold,
          uniq_pikel, uniq_grum
D:10:     layout_roguey
D:11:     layout_basic, lair_entry_dummy, orc_0_dummy, kennysheep_generic_room_9
D:12:     layout_layer_cave, serial_shops, shop, basic_altar,
          nrook_guardian_serpent_double
Temple:   pf_slimified_temple
Lair:1:   layout_roguey [special_room_bee], infiniplex_staircase_pool_2,
          uniq_sonja, uniq_prince_ribbit2
Orc:1:    layout_caves

Skill      XL: |  1  2  3  4  5  6  7  8  9 10 11 |
---------------+----------------------------------+-----
Stealth        | 3 5 6 7 9 10 11 | 11.7
Dodging        | 5 7 9 10 11 | 11.4
Fighting       | 5 6 9 10 11 | 11.1
Unarmed Combat | 5 6 9 11 12 | 12.0

Action                   |  1- 3 |  4- 6 |  7- 9 | 10-12 || total
-------------------------+-------+-------+-------+-------++-------
Melee: Unarmed           |   134 |   216 |   593 |   291 ||  1234
       Bite              |     4 |    21 |    79 |    30 ||   134
       Punch             |       |     3 |    22 |    18 ||    43
  Use: Scroll            |     2 |     6 |     4 |     1 ||    13
       Potion            |     1 |     4 |     4 |     1 ||    10
 Stab: Distracted        |     1 |     1 |     2 |     1 ||     5
       Sleeping          |     7 |    17 |    36 |    14 ||    74
Armor: Skin              |     5 |    28 |    32 |    17 ||    82
Dodge: Dodged            |   124 |   210 |   658 |   454 ||  1446
